 Dungeon Crawl Stone Soup version 0.29.1 (webtiles) character file.

Game seed: 18411339593278162212

1726 Powertoast the Cudgeller (level 8, -2/79 HPs)
             Began as a Troll Gladiator on Sept 12, 2022.
             Was a Follower of Trog.
             Slain by an orc warrior
             ... wielding a +0 dire flail
              (15 damage)
             ... on level 5 of the Dungeon.
             The game lasted 00:18:23 (5004 turns).

Powertoast the Cudgeller (Troll Gladiator)          Turns: 5004, Time: 00:18:23

Health: -2/79      AC:  5    Str: 23    XL:     8   Next: 75%
Magic:  7/7        EV: 10    Int:  4    God:    Trog [*.....]
Gold:   274        SH:  9    Dex: 13    Spells: 7/7 levels left

rFire   . . .      SeeInvis .   a - +0 flail
rCold   . . .      Faith    .   n - +0 kite shield
rNeg    . . .      Spirit   .   b - +0 robe
rPois   .          Reflect  .   c - +0 hat
rElec   .          Harm     .   v - +0 cloak
rCorr   +          Rampage  .   (gloves unavailable)
Will    .....                   (boots unavailable)
Stlth   +.........              (no amulet)
HPRegen 1.03/turn               o - ring of resist corrosion
MPRegen 0.10/turn               (no ring)

@: no status effects
A: large, unfitting armour, claws 3, regeneration 1, shaggy fur 1, tough skin 1
a: Renounce Religion, Berserk


You were on level 5 of the Dungeon.
You worshipped Trog.
Trog was aware of your devotion.
You visited 1 branch of the dungeon, and saw 6 of its levels.

You collected 274 gold pieces.

Inventory:

Hand Weapons
 a - a +0 flail (weapon)
Missiles
 d - 3 throwing nets
 e - a large rock
 k - 7 poisoned darts (quivered)
 p - 87 stones
Armour
 b - a +0 robe (worn)
 c - a +0 hat (worn)
 n - a +0 kite shield (worn)
 v - a +0 cloak (worn)
Magical Staves
 w - a staff of poison
Jewellery
 g - a ring of poison resistance
 o - a ring of resist corrosion (left claw)
Wands
 y - a wand of flame (19)
 z - a wand of polymorph (10)
Scrolls
 i - 2 scrolls of summoning
 l - 2 scrolls of immolation
 m - a scroll of poison
 q - 5 scrolls of teleportation
 r - a scroll of enchant armour {unknown}
 s - 2 scrolls of noise {unknown}
 u - 2 scrolls of blinking {unknown}
 C - a scroll of enchant weapon {unknown}
 D - a scroll of silence {unknown}
 F - a scroll of fear {unknown}
 G - a scroll of amnesia {unknown}
 I - 2 scrolls of identify
Potions
 f - 2 potions of cancellation {unknown}
 h - 4 potions of haste
 j - a potion of invisibility {unknown}
 t - a potion of might {unknown}
 x - 2 potions of curing
 A - 2 potions of heal wounds {unknown}
 B - a potion of brilliance {unknown}
 E - a potion of lignification {unknown}
 H - a potion of mutation {unknown}
 J - a potion of magic {unknown}
 K - a potion of attraction {unknown}
 L - a potion of degeneration {unknown}


   Skills:
 + Level 4.4 Fighting
 - Level 7.0 Maces & Flails
 - Level 1.7 Throwing
 - Level 4.0 Dodging
 * Level 5.4 Shields


You had 7 spell levels left.
You didn't know any spells.
Your spell library contained the following spells:

 Spells                   Type           Power      Damage    Failure   Level
 Magic Dart               Conj           0%         1d3       77%         1
 Call Imp                 Summ           0%         N/A       88%         2
 Ensorcelled Hibernation  Hex/Ice        0%         N/A       88%         2
 Searing Ray              Conj           0%         2d4       88%         2
 Mephitic Cloud           Conj/Pois/Air  0%         N/A       98%         3
 Spider Form              Tmut/Pois      0%         N/A       98%         3
 Anguish                  Hex/Necr       0%         N/A       100%        4
 Fulminant Prism          Conj/Hex       0%         3d6       100%        4


Dungeon Overview and Level Annotations

Branches:
Dungeon (6/15)
 Temple: D:4-7

Altars:
Cheibriados
Dithmenos
Hepliaklqana
Nemelex Xobeh
Trog
Uskayaw
Wu Jian
Yredelemnul

Shops:
D:3 :

Annotations:
D:5 3 runed translucent doors, quinnr's ghost, novice TeAE


Innate Abilities, Weirdness & Mutations

You are too large for most types of armour.
You have claws for hands.
Your natural rate of healing is unusually fast.
You are covered in fur. (AC +1)
You have tough skin. (AC +1)


Message History

The orc warrior closely misses you.
You closely miss the orc warrior.
The orc warrior is heavily wounded.
You block the orc warrior's attack.
The orc priest begins to cast a cantrip, but forgets the words!
The orc warrior hits you with a +0 dire flail!
* * * LOW HITPOINT WARNING * * *
You closely miss the orc warrior.
The orc warrior is heavily wounded.
You block the orc warrior's attack.
The orc priest looks encouraged for a moment.
You hit the orc warrior but do no damage.
The orc warrior is heavily wounded.
You block the orc warrior's attack.
You hit the orc warrior.
The orc warrior is heavily wounded.
The orc warrior closely misses you.
The orc warrior attacks as you move away!
You block the orc warrior's attack.
The orc priest looks satisfied for a moment.
The orc warrior attacks as you move away!
The orc warrior hits you with a +0 dire flail!
There is a stone staircase leading up here.
You climb upwards.
Level annotation: 3 runed translucent doors, quinnr's ghost, novice TeAE Reactivating autopickup.
There is a stone staircase leading down here.
You closely miss the orc warrior.
The orc warrior is heavily wounded.
The orc warrior hits you with a +0 dire flail!
* * * LOW HITPOINT WARNING * * *
You hit the orc warrior.
The orc warrior is heavily wounded.
The orc warrior hits you with a +0 dire flail.
* * * LOW HITPOINT WARNING * * *
You block the orc warrior's attack.
You sock the orc warrior!
The orc warrior is severely wounded.
The orc warrior hits you with a +0 dire flail!
You die...

..#####..#.##......##............
.........#.)#.......#..........#.
.........##.........##..#.....##.
#.#...#.............#...#...#..#.
####.##....#.........#.##...#.###
####....#..................##.
###..#........####....)....
#........o...#.)#.......#.
##.......@...#.).).....##.
##.#........#.)#.....###.
###....#...####......##.
##...##...# #.......## ##..######
###.#...## #.## ###..### ### ##.#
###


You could see an orc warrior.

Vanquished Creatures
  A shadow (D:6)
  A steam dragon (D:6)
  2 ice beasts
  A sky beast (D:6)
  A centaur (D:5)
  A bullfrog (D:6)
  A necrophage (D:4)
  2 scorpions (D:5)
  An electric eel (D:6)
  6 hounds
  4 orc priests
  3 jellies
  3 iguanas
  Natasha (thrice) (D:3)
  2 orc wizards
  8 adders
  An ufetubus (D:4)
  4 worms
  2 dart slugs
  26 orcs
  5 ball pythons
  7 bats
  9 endoplasms
  A giant cockroach (D:3)
  8 hobgoblins
  3 quokkas
  A frilled lizard (D:1)
  7 goblins
  6 kobolds
  4 rats
124 creatures vanquished.

Notes
Turn   | Place    | Note
-------+----------+-------------------------------------------
     0 | D:1      | Powertoast the Troll Gladiator began the quest for the Orb.
     0 | D:1      | Reached XP level 1. HP: 19/19 MP: 0/0
   106 | D:1      | Reached skill level 3 in Maces & Flails
   129 | D:1      | Reached XP level 2. HP: 27/27 MP: 1/1
   824 | D:2      | Reached XP level 3. HP: 33/33 MP: 2/2
  1383 | D:3      | Reached skill level 4 in Maces & Flails
  1412 | D:3      | Found a snail-covered altar of Cheibriados.
  1449 | D:3      | Reached skill level 1 in Shields
  1449 | D:3      | Reached XP level 4. HP: 14/41 MP: 3/3
  1526 | D:3      | Noticed Natasha
  1531 | D:3      | Killed Natasha
  1559 | D:3      | Found Hiabeh's Vocational Training.
  1588 | D:3      | Noticed Natasha
  1596 | D:3      | Killed Natasha
  1728 | D:3      | Found a faded altar of an unknown god.
  1741 | D:3      | Reached XP level 5. HP: 48/48 MP: 4/4
  1887 | D:2      | Reached skill level 5 in Maces & Flails
  2158 | D:3      | Noticed Natasha
  2162 | D:3      | Killed Natasha
  2201 | D:4      | Found a shadowy altar of Dithmenos.
  2262 | D:4      | Reached XP level 6. HP: 43/57 MP: 5/5
  2295 | D:4      | Reached skill level 6 in Maces & Flails
  2389 | D:4      | Found a hazy altar of Hepliaklqana.
  2389 | D:4      | Found a sparkling altar of Nemelex Xobeh.
  2877 | D:4      | Found a bloodstained altar of Trog.
  2890 | D:4      | Became a worshipper of Trog the Wrathful
  2947 | D:5      | Entered Level 5 of the Dungeon
  3022 | D:5      | Reached XP level 7. HP: 62/66 MP: 6/6
  3179 | D:5      | Found an ornate altar of the Wu Jian Council.
  3268 | D:5      | Reached skill level 7 in Maces & Flails
  3514 | D:5      | Found a runed translucent gate.
  3545 | D:5      | Found a runed translucent gate.
  3545 | D:5      | Found a runed translucent gate.
  3557 | D:5      | Noticed quinnr's ghost (novice TeAE)
  3791 | D:6      | Reached XP level 8. HP: 75/75 MP: 7/7
  3856 | D:6      | HP: 3/75 [orc/+0 hand axe (4)]
  3862 | D:6      | HP: 4/112 [orc/+0 falchion (5)]
  3865 | D:6      | Reached * piety under Trog
  4249 | D:6      | Found a basalt altar of Yredelemnul.
  4424 | D:6      | Reached skill level 5 in Shields
  4815 | D:6      | Found a hide-covered altar of Uskayaw.
  5004 | D:5      | Slain by an orc warrior

Illustrated notes

Levels and vault maps discovered:
D:1:      minmay_arrival_three_doors, layout_basic
D:2:      layout_basic
D:3:      layout_basic, kennysheep_slug_shrine, ebering_ecumenical_altar_mist,
          nicolae_shop_vocational, uniq_natasha
D:4:      layout_rooms, lemuel_coloured_pillars_altar,
          gammafunk_temple_overflow_elements, mainiacjoe_overflow_paths,
          nicolae_eternal_life
D:5:      layout_cave_pools, lemuel_doored_altar, gammafunk_ghost_necromancy,
          sigmund_army
D:6:      layout_loops_corners, nicolae_uskayaw_suspiria, old_standard_altar,
          hangedman_decor_diamond_cutter, lightli_minifort

Skill      XL: |  1  2  3  4  5  6  7  8 |
---------------+-------------------------+-----
Maces & Flails | 3 4 5 6 7 |  7.0
Shields        | 1 2 3 5 |  5.4
Fighting       | 2 3 4 |  4.4
Dodging        | 4 |  4.0
Throwing       | |  1.7

Action                   |  1- 3 |  4- 6 |  7- 9 || total
-------------------------+-------+-------+-------++-------
Melee: Flail             |    82 |   180 |   183 ||   445
Throw: Dart              |    11 |    10 |    21 ||    42
  Use: Scroll            |     2 |     2 |     1 ||     5
       Potion            |       |       |     3 ||     3
 Stab: Sleeping          |       |       |     2 ||     2
Armor: Robe              |    33 |    50 |    51 ||   134
Dodge: Dodged            |    38 |    83 |    95 ||   216
Block: Kite shield       |    11 |    91 |   102 ||   204
